[Event "*** Titled Tuesday Blitz"]
[Site "Chess.com"]
[Date "2019.03.05"]
[Round "6"]
[White "FedaMaster"]
[Black "DawidCzerw"]
[Result "1-0"]
[WhiteElo "2428"]
[BlackElo "2255"]
[TimeControl "180+2"]
[EndTime "14:26:00 PST"]
[Termination "FedaMaster won by resignation"]

1. e4 c5 2. d4 cxd4 3. c3 d3 4.
Bxd3 Nc6 5. c4 g6 6. Nf3 Bg7 7. h3 Nf6 8. O-O O-O 9. Nc3 d6 10. Be3 Bd7 11. Rc1 a6 12. b3 Qa5 13. Qe2 Ne5 14.
Nxe5 Qxe5 15. Nd5 Nxd5 16. exd5 b5 17. f4 Qf6 18. f5 Qe5 19. fxg6 hxg6 20. Qf2 bxc4 21.
bxc4 Rab8 22. Rce1 Rb2 23. Qf3 Rxa2 24. Kh1 Qc3 25. Bg5 Ra3 26. Re3 Ra1 27. Rxe7 Rxf1+ 28. Qxf1 Bc8 29. Bh4 Qd4 30. Bg3 Bf6 31. Bxd6 Bxe7 32. Bxe7 Re8 33. d6 Bb7 34. c5 Qd5 35. Bc4 Qf5 36.
Qxf5 gxf5 37. d7 1-0

[Event "*** Titled Tuesday Blitz"]
[Site "Chess.com"]
[Date "2019.03.05"]
[Round "6"]
[White "GremioPrudente"]
[Black "orrbaverlekszarnyon"]
[Result "0-1"]
[WhiteElo "2060"]
[BlackElo "2178"]
[TimeControl "180+2"]
[EndTime "14:26:04 PST"]
[Termination "orrbaverlekszarnyon won on time"]

1. Nf3 c5 2. c4 Nf6 3. g3 e6 4. Bg2 d5 5. cxd5 exd5 6. d4 Nc6 7. O-O Be7 8. Nc3 O-O 9. Bg5 c4 10. Ne5 Be6 11. Nxc4 dxc4 12. Bxf6 Bxf6 13. d5 Bf5 14. dxc6 bxc6 15. Bxc6 Rb8 16. Qxd8 Rfxd8 17. Rad1 Rxb2 18. Rxd8+ Bxd8 19. e4 Be6 20. Rb1 Rxb1+ 21. Nxb1 Ba5 22. Bd5 Bb4 23. Bc6 c3 24. Ba4 Bxa2 25.
Bc2 Bc4 26. f3 a5 27. Kf2 a4 28. Ke3 a3 29. Nxa3 Bxa3 30. Kd4 Be2 31. Kxc3 Bxf3 32. Kd4 Bc1 33. Bd3 Kf8 34. Ke5 Ke7 35. Bc2 g5 36. Bd3 Bg4 37. Kd4 Bb2+ 38. Ke3 Kf6 39. Bc4 Be6 40.
Bd3 Ke5 41. h4 h6 42. hxg5 hxg5 43. Be2 Bd4+ 44. Kf3 g4+ 45. Kg2 Kxe4 46. Bd1 f5 47. Bc2+ Ke5 48. Bd3 Bd5+ 49. Kh2 Be4 50. Be2 Bf2 51.
Bd1 Be1 52. Be2 Kd4 53. Bf1 Ke3 54. Bg2 Bxg2 55. Kxg2 Bxg3 56. Kxg3 f4+ 57. Kg2 Ke2 58. Kg1 f3 59. Kh1 f2 60. Kh2 f1=Q 0-1

[Event "*** Titled Tuesday Blitz"]
[Site "Chess.com"]
[Date "2019.03.05"]
[Round "6"]
[White "TreinadorBR"]
[Black "PawnEatingZombie"]
[Result "0-1"]
[WhiteElo "2193"]
[BlackElo "2140"]
[TimeControl "180+2"]
[EndTime "14:26:04 PST"]
[Termination "PawnEatingZombie won by checkmate"]

1. e4 e6 2. d4 d5 3. Nd2 c5 4. Ngf3 cxd4 5. Nxd4 Nc6 6. Nxc6 bxc6 7. Bd3 Ne7 8. O-O Ng6 9. Nf3 Bd6 10. Qe2 O-O 11. e5 Bc7 12. h4 f6 13. Bxg6 hxg6 14. exf6 gxf6 15. Re1 Qd6 16. b3 e5 17. g3 Bg4 18. Qe3 Kf7 19. Bb2 Bb6 20. Qc3 e4 21.
Nh2 Bd7 22. Rad1 Rae8 23. Nf1 Kg7 24. Qd2 Qe6 25. c4 Qh3 26. cxd5 Bg4 27. Nh2 Qxg3+ 28. Kh1 Bf3+ 29. Nxf3 Qxf3+ 30. Kh2 Rh8 31. Bxf6+ Qxf6 32. Rh1 Rxh4+ 33. Kg2 Qf3+ 34. Kf1 Rxh1# 0-1

[Event "*** Titled Tuesday Blitz"]
[Site "Chess.com"]
[Date "2019.03.05"]
[Round "6"]
[White "mishanick"]
[Black "SaraciNderim"]
[Result "1-0"]
[WhiteElo "2978"]
[BlackElo "2732"]
[TimeControl "180+2"]
[EndTime "14:26:05 PST"]
[Termination "mishanick won by resignation"]

1. d4 Nf6 2. c4 e6 3. Nf3 d5 4. Nc3 Be7 5. g3 O-O 6. Bg2 c6 7. O-O b6 8. Ne5 Bb7 9. e4 dxe4 10. Nxe4 Nxe4 11. Bxe4 Qc8 12. Qf3 f5 13. Bc2 c5 14. d5 Nd7 15. Re1 Nxe5 16. Rxe5 Bd6 17. Re1 exd5 18. cxd5 c4 19. Be3 Qd7 20. Rad1 Rae8 21.
Bd2 a5 22. a3 Bc5 23. Bc3 Rxe1+ 24. Bxe1 f4 25. g4 Bd6 26. Bc3 Re8 27. h3 Qf7 28. Bf5 g6 29. Be6 Qxe6 30. dxe6 Bxf3 31. Rxd6 b5 32. Bxa5 g5 33. Bc3 Be4 34. Bf6 h6 35. h4 gxh4 36. Bxh4 Bf3 37. e7 Kf7 38. Rf6+ Kg7 39. Rxf4 Bd5 40. Kh2 Bf7 41. Rf5 Rc8 42. Rxb5 c3 43. bxc3 Rxc3 44. Rb8 1-0

[Event "*** Titled Tuesday Blitz"]
[Site "Chess.com"]
[Date "2019.03.05"]
[Round "6"]
[White "gmjoey1"]
[Black "wonderfultime"]
[Result "0-1"]
[WhiteElo "2724"]
[BlackElo "2916"]
[TimeControl "180+2"]
[EndTime "14:26:11 PST"]
[Termination "wonderfultime won by checkmate"]

1. e4 c5 2. Nf3 Nf6 3. e5 Nd5 4. d4 cxd4 5. Bc4 Nb6 6. Bb3 Nc6 7. c3 d6 8. exd6 e6 9. O-O Bxd6 10. Qe2 d3 11. Qe4 h6 12. Rd1 O-O 13. Rxd3 Qe7 14.
Bc2 f5 15. Qe2 e5 16. Nh4 Rf6 17. Bb3+ Be6 18. Qh5 Bxb3 19. axb3 e4 20. Rd1 Qe6 21. Be3 Nd5 22. Nd2 Nxe3 23. fxe3 g5 24. Nc4 Bf8 25. Nb6 Rd8 26. Rxd8 Nxd8 27. Nc4 gxh4 28. Rxa7 f4 29. Ra8 Nf7 30. Qc5 Ng5 31. exf4 Rxf4 32. Ne3 Rf7 33. h3 Qf6 34. Ng4 Qf1+ 35. Kh2 Qf4+ 36. Kg1 Kh7 37. Qc4 e3 38. Qd3+ Qe4 39. Qe2 Bc5 40. b4 Bb6 41. c4 Rf2 42. c5 Qxg2# 0-1

[Event "*** Titled Tuesday Blitz"]
[Site "Chess.com"]
[Date "2019.03.05"]
[Round "6"]
[White "WPWPWP-2015"]
[Black "Keaton87"]
[Result "0-1"]
[WhiteElo "2394"]
[BlackElo "2541"]
[TimeControl "180+2"]
[EndTime "14:26:12 PST"]
[Termination "Keaton87 won by resignation"]

1. e4 c5 2. Nf3 e6 3. d4 cxd4 4. Nxd4 a6 5. Bd3 Bc5 6. Nb3 Be7 7. O-O d6 8. Be3 Nf6 9. Nc3 Nbd7 10. f4 Qc7 11. Kh1 b5 12. a4 b4 13. Ne2 Bb7 14. Nd2 Nc5 15. Ng3 h5 16. e5 dxe5 17. fxe5 Ng4 18. Bf4 Nxd3 19. cxd3 Qc6 20. Nde4 Qd5 21. Nxh5 Nxe5 22. Nxg7+ Kf8 23. Qe1 Nxd3 24. Qg3 Qxe4 25. Nxe6+ Qxe6 26. Qxd3 Rd8 27. Qc2 Qe4 28. Qf2 Qg6 29.
Rae1 Rg8 30. Bg3 Bd5 31. Rxe7 Kxe7 32. Qc5+ Ke8 33. Re1+ Be6 34. Qc6+ Kf8 35. Qc5+ Kg7 36. Qe5+ Kh7 37. Qf4 Rd5 38. Qf3 Rf5 39. Qe3 Qg5 40.
Qa7 Qh5 41. Qb6 Rxg3 42. Qg1 Rg7 43. Qe3 Bd5 44. Rg1 0-1

[Event "*** Titled Tuesday Blitz"]
[Site "Chess.com"]
[Date "2019.03.05"]
[Round "6"]
[White "andy_rekt"]
[Black "Orest_Vovk"]
[Result "1-0"]
[WhiteElo "2203"]
[BlackElo "2143"]
[TimeControl "180+2"]
[EndTime "14:26:12 PST"]
[Termination "andy_rekt won by checkmate"]

1. d4 e5 2. dxe5 Nc6 3. Bf4 Qe7 4. Nf3 Qb4+ 5. Nbd2 Qxf4 6. e3 Qb4 7. c3 Qe7 8.
Nc4 b5 9. Na3 Nxe5 10. Nxb5 d6 11. Nxe5 dxe5 12. Qd5 Rb8 13. Nxa7 Qc5 14. Bb5+ Rxb5 15.
Qa8 Ne7 16. Nxc8 Nxc8 17. Qxc8+ Ke7 18. Rd1 g6 19. O-O Kf6 20. f4 e4 21. Rd4 Kg7 22. f5 gxf5 23. g4 Bd6 24. Qd7 f4 25. h4 Rf8 26.
Rxe4 Qd5 27. Rd4 Qe6 28. Qxb5 Qxe3+ 29. Kg2 Qg3+ 30. Kh1 Qxh4+ 31. Kg1 Qxg4+ 32. Kf2 Qg3+ 33. Ke2 f3+ 34. Rxf3 Qg2+ 35. Rf2 Qg6 36. Kf1 Qb1+ 37. Kg2 Kh8 38. Rg4 f5 39. Rg5 Qe4+ 40. Kf1 Qb1+ 41.
Ke2 Re8+ 42. Qxe8+ Bf8 43. Qxf8# 1-0

[Event "*** Titled Tuesday Blitz"]
[Site "Chess.com"]
[Date "2019.03.05"]
[Round "6"]
[White "MFBerna"]
[Black "NoGalloNoParty"]
[Result "0-1"]
[WhiteElo "2397"]
[BlackElo "2348"]
[TimeControl "180+2"]
[EndTime "14:26:12 PST"]
[Termination "NoGalloNoParty won by resignation"]

1. e4 c5 2. Nf3 d6 3. d4 cxd4 4. Qxd4 Nf6 5. Bb5+ Nc6 6. Bxc6+ bxc6 7. Nc3 Qb6 8. Qxb6 axb6 9. O-O Nd7 10. Be3 Ba6 11. Rfd1 g6 12. a4 Bg7 13. Ra3 O-O 14. Nd4 Rfc8 15. f3 Ne5 16. Rb3 Nc4 17. Bf2 c5 18. Nde2 Bb7 19. Be1 Bc6 20. Kf2 Bxa4 21. Nxa4 Rxa4 22.
c3 Ra2 23. Rb1 Rca8 24. Nc1 Ra1 25. Rxa1 Rxa1 26. Nd3 Kf8 27. Ke2 Ke8 28. Rb5 Kd7 29. Rb3 Kc6 30. Bd2 b5 31. Bc1 Na5 32. Ra3 Rxa3 33. bxa3 Bxc3 34. Nf4 e6 35. Kd3 Be5 36. Ne2 Nc4 37. a4 Nb2+ 38. Bxb2 Bxb2 39. axb5+ Kxb5 40.
h3 Be5 41. f4 Ba1 42. f5 d5 43. fxe6 fxe6 44. Nf4 c4+ 45. Ke2 d4 46. Nxe6 d3+ 47.
Ke3 Kb4 48. Nf4 Kb3 49. Nd5 Be5 50. Kd2 c3+ 51. Kxd3 c2 52. Kd2 Bb2 0-1

[Event "*** Titled Tuesday Blitz"]
[Site "Chess.com"]
[Date "2019.03.05"]
[Round "6"]
[White "Chessmatus"]
[Black "zeitnot2006"]
[Result "0-1"]
[WhiteElo "2283"]
[BlackElo "2172"]
[TimeControl "180+2"]
[EndTime "14:26:13 PST"]
[Termination "zeitnot2006 won by resignation"]

1. d4 g6 2. c4 Bg7 3. Nc3 Nf6 4.
e4 d6 5. Be2 O-O 6. Be3 Na6 7.
Nf3 Ng4 8. Bg5 h6 9. Bh4 Qe8 10. h3 Nf6 11. Bg3 Nh5 12. Bh2 e5 13. O-O Nf4 14.
d5 f5 15. Re1 Nc5 16. Bf1 fxe4 17. Nxe4 Nxe4 18. Rxe4 Bf5 19. Re1 Qf7 20. Nd2 g5 21. Ne4 Qg6 22. f3 h5 23. Kh1 g4 24. hxg4 hxg4 25. Ng3 gxf3 26. gxf3 Bh3 27. Qd2 Bxf1 28. Rxf1 Bh6 29. Ne4 Kh8 30. Rg1 Qh5 31. Qf2 Nh3 32.
Qg3 Nxg1 33. Rxg1 Qxf3+ 34. Qxf3 Rxf3 35. Rg6 Kh7 36. Re6 Raf8 37. c5 dxc5 38. Nxc5 Be3 39. Nd7 Rf1+ 40. Kg2 R8f2+ 41. Kh3 Rf3+ 42. Kg4 Rf7 43.
Bxe5 Rxd7 44. Bf6 Bh6 45. Re8 Rxf6 0-1

[Event "*** Titled Tuesday Blitz"]
[Site "Chess.com"]
[Date "2019.03.05"]
[Round "6"]
[White "jflup"]
[Black "Jbd735"]
[Result "1-0"]
[WhiteElo "2374"]
[BlackElo "2462"]
[TimeControl "180+2"]
[EndTime "14:26:15 PST"]
[Termination "jflup won on time"]

1. e4 e5 2. Nf3 Nc6 3. d4 exd4 4. Nxd4 Bc5 5. Nxc6 Qf6 6. Qf3 Qxf3 7. gxf3 dxc6 8.
Be3 Bxe3 9. fxe3 Be6 10. Nd2 Rd8 11. Rg1 Ne7 12. h4 h5 13. f4 Bg4 14. Be2 Ng6 15.
Bxg4 hxg4 16. Rxg4 Rxh4 17. Rxh4 Nxh4 18. Ke2 Ng6 19.
Rg1 Kf8 20. e5 Ne7 21. e4 Ng6 22. Rg4 Re8 23. Nc4 b6 24. b4 Ne7 25. f5 Ng8 26. Ke3 b5 27. Na5 c5 28. Kf4 cxb4 29. Nc6 a5 30. Rg3 Ra8 31. Rh3 Ra6 32. Nd4 Rb6 33. Nb3 a4 34. Nc5 Rc6 35. Nd3 Rxc2 36. Nxb4 Rb2 37.
a3 Rb3 38. Rh8 Rxa3 39. Nd5 c5 40. f6 g5+ 41. Kg4 1-0

[Event "*** Titled Tuesday Blitz"]
[Site "Chess.com"]
[Date "2019.03.05"]
[Round "6"]
[White "LPSupi"]
[Black "Gabrielian_Artur"]
[Result "1-0"]
[WhiteElo "2864"]
[BlackElo "2741"]
[TimeControl "180+2"]
[EndTime "14:26:16 PST"]
[Termination "LPSupi won by resignation"]

1. c4 c5 2. g3 Nc6 3. Bg2 g6 4. Nc3 Bg7 5. d3 e5 6. Qd2 Nge7 7. b3 O-O 8. Bb2 d6 9. e3 Be6 10. Nd5 Bxd5 11. cxd5 Nb4 12. e4 Qa5 13. Bc3 Qb5 14.
Rd1 f5 15. Ne2 f4 16. gxf4 exf4 17. Bxg7 Kxg7 18. Bf3 Rae8 19. Kf1 g5 20. a3 Na6 21.
Qc3+ Rf6 22. h4 g4 23. Nxf4 Kf7 24. Bxg4 Ng6 25. Be6+ Ke7 26. Nh5 Ref8 27. Nxf6 Rxf6 28. Bf5 Ne5 29. Rg1 Nc7 30. Rg7+ Kd8 31. f4 Ne8 32. fxe5 Rxf5+ 33. exf5 Nxg7 34. exd6 Ne8 35. Qe5 Qd7 36. Re1 Nxd6 37. Qf6+ Kc8 38. Qf8+ Qd8 39. Qxd8+ Kxd8 40. f6 Kd7 41. Re7+ Kd8 42. Re6 Kd7 43. a4 Nf5 44. f7 1-0

[Event "*** Titled Tuesday Blitz"]
[Site "Chess.com"]
[Date "2019.03.05"]
[Round "6"]
[White "Cryptochess"]
[Black "NemtsevIgor"]
[Result "1-0"]
[WhiteElo "2537"]
[BlackElo "2340"]
[TimeControl "180+2"]
[EndTime "14:26:16 PST"]
[Termination "Cryptochess won by resignation"]

1. e4 c6 2. d4 d5 3. Nc3 h6 4.
Nf3 Nf6 5. e5 Ne4 6. Be2 Nxc3 7.
bxc3 Bf5 8. O-O e6 9. c4 Be7 10.
Rb1 b6 11. Rb3 O-O 12. Kh1 dxc4 13. Bxc4 b5 14. Bd3 Bxd3 15. Qxd3 Nd7 16. c4 Nb6 17. cxb5 cxb5 18. Rxb5 Nd5 19. Nd2 Rc8 20. Ne4 Qc7 21.
Bd2 Qc4 22. Qxc4 Rxc4 23. Be3 Ra4 24. Rb2 Rc8 25. g4 Ra3 26. Re1 Rc4 27. Nd6 Bxd6 28. exd6 Rc8 29. Reb1 Nb6 30. d5 exd5 31. Bxb6 axb6 32.
Rxb6 Rxa2 33. Rd1 Ra5 34. Kg2 Rd8 35. Kf3 f6 36. Ke3 Kf7 37. Kd4 Kg6 38. f4 Kf7 39. f5 Kf8 40. h3 Ra3 41. Kxd5 Rxh3 42. Kc6 Rc3+ 43. Kb7 Rd7+ 44. Ka6 Kf7 45. Kb5 Rb3+ 46. Kc6 Rxb6+ 47. Kxb6 Ke8 48. Kc6 Kd8 49. Ra1 Ke8 50. Ra8+ Rd8 51. Rxd8+ Kxd8 52. d7 1-0

[Event "*** Titled Tuesday Blitz"]
[Site "Chess.com"]
[Date "2019.03.05"]
[Round "6"]
[White "Man-Chuk"]
[Black "KhalilMousavi77"]
[Result "0-1"]
[WhiteElo "2771"]
[BlackElo "2687"]
[TimeControl "180+2"]
[EndTime "14:26:25 PST"]
[Termination "KhalilMousavi77 won on time"]

1. Nf3 Nf6 2. g3 e6 3. Bg2 d5 4. c4 Be7 5. O-O O-O 6. b3 d4 7.
e3 c5 8. exd4 cxd4 9. d3 Nc6 10.
Re1 Re8 11. Ba3 a5 12. Bxe7 Qxe7 13. Nbd2 e5 14. h3 Bf5 15. Nxe5 Nxe5 16. f4 Nfd7 17. fxe5 Nc5 18. Nf3 Nxd3 19. Re2 h6 20. Rd2 Nxe5 21.
Nxd4 Bg6 22. Kh2 Rad8 23. Nb5 Nd3 24. Qf3 Ne1 25. Qf2 Rxd2 26. Qxd2 Qe2 27. Qxe2 Rxe2 28.
Rxe1 Rxe1 29. Bxb7 Re2+ 30. Kg1 Rxa2 31. c5 Rc2 32. c6 Be4 33. Nd4 Rd2 34. Nb5 Rg2+ 35. Kf1 Rxg3 36. Ba8 Bxc6 37. Bxc6 Rxb3 38. Nd4 Rb4 39.
Nf5 a4 40. Ke2 a3 41. Bd5 Rb5 0-1

[Event "*** Titled Tuesday Blitz"]
[Site "Chess.com"]
[Date "2019.03.05"]
[Round "6"]
[White "volcanoexplorer"]
[Black "vovachesss"]
[Result "1-0"]
[WhiteElo "2377"]
[BlackElo "2575"]
[TimeControl "180+2"]
[EndTime "14:26:26 PST"]
[Termination "volcanoexplorer won by resignation"]

1. e4 e5 2. Nf3 d5 3. exd5 e4 4. Nd4 Qxd5 5. Nb3 Nf6 6. Nc3 Qe5 7. Be2 Bd6 8. d4 exd3 9. cxd3 O-O 10. d4 Qf5 11. Be3 Nc6 12. O-O Re8 13. Bf3 Nb4 14. Rc1 c6 15. Qd2 Nbd5 16. Nxd5 Nxd5 17. Nc5 b6 18.
Nd3 Ba6 19. Rfd1 Rac8 20. a3 h6 21. h3 Nxe3 22. fxe3 Bxd3 23. Qxd3 Qg5 24. e4 Bf4 25.
Rc2 Red8 26. Bg4 Rxd4 27. Bxc8 Rxd3 28. Rxd3 c5 29. Bf5 g6 30. Bg4 h5 31. Bd7 Be3+ 32.
Kh1 Qg3 33. Re2 c4 34. Rdxe3 Qd6 35. Ba4 a6 36. e5 Qd4 37. e6 fxe6 38. Rxe6 c3 39.
Bb3 cxb2 40. Rxg6+ Kh7 41. Bc2 Qc4 42. Bb1 Qc1+ 43.
Kh2 Qxb1 44. Rxb6 Qf1 45. Re7+ Qf7 46. Rxf7+ 1-0

[Event "*** Titled Tuesday Blitz"]
[Site "Chess.com"]
[Date "2019.03.05"]
[Round "6"]
[White "yuki_chess123"]
[Black "DonPreuss"]
[Result "0-1"]
[WhiteElo "2133"]
[BlackElo "2210"]
[TimeControl "180+2"]
[EndTime "14:26:26 PST"]
[Termination "DonPreuss won by resignation"]

1. e4 e6 2. d3 Nc6 3. Nf3 Bc5 4.
d4 Bb6 5. c3 d5 6. e5 f5 7. exf6 Nxf6 8. Bd3 O-O 9. Nbd2 Qe8 10.
O-O e5 11. dxe5 Nxe5 12. Nxe5 Qxe5 13. Nf3 Qh5 14. Nd4 Bg4 15. f3 Bd7 16. Be3 Rae8 17. Bf2 c5 18. Ne2 Ng4 19. fxg4 Bxg4 20. c4 Bxe2 21.
Bxe2 Rxe2 22. b3 d4 23. Bg3 Rfe8 24. Rf3 Qg6 25. Qf1 Bd8 26. Rf2 Rxf2 27. Qxf2 Bf6 28. Rf1 Qd3 29. h3 Qe3 30. Kh2 Qxf2 31. Rxf2 Be5 32. Bxe5 Rxe5 33. Kg3 g6 34. Rd2 Kg7 35.
b4 b6 36. bxc5 bxc5 37. Kf2 Re3 38. Rb2 Rc3 39. Rb7+ Kf6 40. Rxa7 Rxc4 41. a4 Rc2+ 42. Kf3 Ke5 43. Rxh7 c4 44. Re7+ Kd5 45. Rd7+ Kc5 46.
a5 Ra2 47. a6 Rxa6 48. g4 c3 49. Ke2 Ra2+ 50. Kd1 Kc4 51. h4 Kd3 52. Ke1 Ra1+ 53. Kf2 c2 54. h5 gxh5 55. gxh5 c1=Q 0-1

[Event "*** Titled Tuesday Blitz"]
[Site "Chess.com"]
[Date "2019.03.05"]
[Round "6"]
[White "kuli4ik"]
[Black "Gr3egor"]
[Result "1-0"]
[WhiteElo "2767"]
[BlackElo "2515"]
[TimeControl "180+2"]
[EndTime "14:26:29 PST"]
[Termination "kuli4ik won by resignation"]

1. d4 Nf6 2. Bg5 d5 3. e3 c5 4. c3 Qb6 5. Qb3 e6 6. Nd2 Nc6 7. Ngf3 c4 8. Qc2 Be7 9. b3 cxb3 10. axb3 Bd7 11. Bd3 h6 12. Bh4 Rc8 13. Qa2 O-O 14.
O-O g5 15. Bg3 Nh5 16. Rfc1 Nxg3 17. hxg3 Kg7 18. b4 g4 19. Ne1 a6 20. Nb3 h5 21.
Nc5 Qc7 22. e4 Bxc5 23. bxc5 dxe4 24. Bxe4 f5 25. Bxc6 Bxc6 26. Nd3 h4 27. Nf4 Rce8 28. Re1 hxg3 29. fxg3 Bd5 30. Qc2 Be4 31. Rxe4 fxe4 32. Qxe4 Rxf4 33. Qxf4 Qxf4 34. gxf4 Kf6 35. Kf2 Rc8 36.
Rb1 Rc7 37. Kg3 Kf5 38. Re1 b6 39. Re5+ Kf6 40. cxb6 Rxc3+ 41. Kxg4 Rb3 42. d5 exd5 43. Rxd5 Rxb6 44. g3 Rc6 45. Rh5 Kg6 46. Rh8 Rc1 47.
Ra8 Ra1 48. Ra7 Kf6 49. Rb7 a5 50. Rb6+ Ke7 51. Kg5 a4 52. g4 a3 53. Ra6 a2 54.
Ra7+ Ke8 55. f5 Kd8 56. f6 Ke8 57. f7+ Kf8 58. Kg6 1-0

[Event "*** Titled Tuesday Blitz"]
[Site "Chess.com"]
[Date "2019.03.05"]
[Round "6"]
[White "toog"]
[Black "witcher8"]
[Result "0-1"]
[WhiteElo "2235"]
[BlackElo "2354"]
[TimeControl "180+2"]
[EndTime "14:26:30 PST"]
[Termination "witcher8 won by resignation"]

1. e4 c6 2. d4 d5 3. Nc3 dxe4 4. Nxe4 Bf5 5. Ng3 Bg6 6. h4 h6 7. Nf3 Nd7 8. h5 Bh7 9. Bd3 Bxd3 10. Qxd3 e6 11.
Bd2 Ngf6 12. O-O-O Be7 13. Ne4 Nxe4 14. Qxe4 Nf6 15.
Qe2 Qd5 16. Kb1 Qb5 17. Qxb5 cxb5 18. c3 O-O 19. Ne5 Bd6 20. Bf4 Ne4 21. Rhf1 f6 22.
Ng6 Bxf4 23. Nxf4 Rfe8 24. f3 Ng3 25. Rfe1 e5 26. dxe5 fxe5 27. Nd5 Rad8 28. Nc7 Rxd1+ 29. Rxd1 Re7 30. Nxb5 a6 31. Rd8+ Kh7 32. Nd6 Nxh5 33. Rb8 Nf4 34. g3 Ne2 35. g4 Ng1 36. Rxb7 Rxb7 37.
Nxb7 Nxf3 38. Kc2 Kg6 39. Kd3 Kg5 40. Ke4 Kxg4 41. c4 h5 42. c5 Nd4 43. Kxe5 Nc6+ 44. Kd5 Na7 45. Nd6 h4 46. Ne4 Kf3 47. a4 h3 48. Ng5+ Kg2 49. Nxh3 Kxh3 50. c6 g5 51. c7 g4 52. Kc5 g3 53. Kb6 Nc8+ 54. Kb7 Ne7 55. Kxa6 g2 56. b4 g1=Q 57. b5 Qc5 58. b6 Qc6 59. a5 Nd5 60. Ka7 Nxc7 61. b7 Qa6+ 62. Kb8 Qxa5 63. Kc8 Na6 64. b8=Q Nxb8 65. Kxb8 0-1

[Event "*** Titled Tuesday Blitz"]
[Site "Chess.com"]
[Date "2019.03.05"]
[Round "6"]
[White "OparinGrigoriy"]
[Black "Margency"]
[Result "1-0"]
[WhiteElo "2969"]
[BlackElo "2595"]
[TimeControl "180+2"]
[EndTime "14:26:34 PST"]
[Termination "OparinGrigoriy won by resignation"]

1. Nf3 Nf6 2. g3 g6 3. Bg2 Bg7 4. c4 d5 5. cxd5 Nxd5 6. Nc3 Nb6 7. d4 Nc6 8. d5 Bxc3+ 9. bxc3 Qxd5 10. Bd2 Nc4 11. Bh6 Qxd1+ 12. Rxd1 f6 13. O-O Bd7 14. Nd4 O-O-O 15. Rfe1 Rhe8 16. h4 e5 17. Nxc6 Bxc6 18. Bh3+ Bd7 19. Bg2 Be6 20. Bg7 f5 21. e4 Rxd1 22.
Rxd1 Rd8 23. Rxd8+ Kxd8 24. exf5 gxf5 25. Bxb7 e4 26.
Ba6 Kd7 27. Bd4 Nb6 28. a4 Bc4 29. Bxb6 Bxa6 30. Bxa7 Be2 31. Kg2 Kc6 32. Bd4 Bd1 33. a5 Kb5 34. Be5 Kxa5 35. Bxc7+ Kb5 36. Kf1 Kc4 37.
Ke1 Bg4 38. Kd2 h5 39. Be5 Bf3 40. Ke3 Bg4 41. Kf4 Kd3 42. Bd4 Kc4 43. Ke3 Kb3 44. Bg7 Kc4 45. Bf6 Kb3 46. Kd4 Be2 47. Kd5 Bf1 48.
Bd4 Be2 49. c4 Bxc4+ 50. Ke5 Bd3 51. Be3 Kc4 52. Kxf5 Kd5 53. g4 hxg4 54. h5 Bc4 55. h6 Kd6 56. h7 1-0

[Event "*** Titled Tuesday Blitz"]
[Site "Chess.com"]
[Date "2019.03.05"]
[Round "6"]
[White "Doraemon7"]
[Black "StoreySniper"]
[Result "1-0"]
[WhiteElo "2602"]
[BlackElo "2375"]
[TimeControl "180+2"]
[EndTime "14:26:34 PST"]
[Termination "Doraemon7 won by resignation"]

1. Nf3 g6 2. g3 Bg7 3. Bg2 c5 4. c4 Nc6 5. O-O e6 6. Nc3 Nge7 7. d4 cxd4 8. Nb5 d5 9. cxd5 Nxd5 10. Nfxd4 Nxd4 11. Nxd4 O-O 12. Nb3 Bd7 13. Rb1 Ba4 14. Bd2 Qe7 15. e4 Nb4 16. Ra1 Rfd8 17. Qe2 Nxa2 18. Na5 a6 19. Rxa2 Bb5 20. Qe1 Bxf1 21. Bxf1 Rac8 22.
e5 Qd7 23. Bc3 Qd5 24. Ra1 b6 25. Bg2 Qb5 26. Nb7 Rxc3 27. bxc3 Rb8 28. Rb1 Qxe5 29. Qxe5 Bxe5 30. Rxb6 Bxc3 31. Rxa6 e5 32. Rd6 Bd4 33. Rd8+ Rxd8 34. Nxd8 Kf8 35. Bd5 f5 36. Ne6+ Ke7 37. Nxd4 exd4 38. Kf1 h6 39. f4 Kd6 40. Bf3 g5 41.
Ke2 g4 42. Bg2 Kc5 43. Kd3 Kd6 44. Kxd4 Ke6 45. Kc5 Kf6 46. Kd5 Kg6 47. Ke5 Kh5 48.
Bh1 Kg6 49. Bd5 Kh5 50. Be6 Kg6 51. Bd7 Kg7 52. Kxf5 h5 53. Kg5 1-0

[Event "*** Titled Tuesday Blitz"]
[Site "Chess.com"]
[Date "2019.03.05"]
[Round "6"]
[White "King_of_the_wing"]
[Black "almaguerjm"]
[Result "0-1"]
[WhiteElo "2140"]
[BlackElo "2308"]
[TimeControl "180+2"]
[EndTime "14:26:34 PST"]
[Termination "almaguerjm won by resignation"]

1. e4 c5 2. Nf3 Nc6 3. d4 cxd4 4. Nxd4 g6 5. g3 Bg7 6. Be3 Nf6 7. Bg2 O-O 8. c4 Ng4 9. Nxc6 dxc6 10. Qxd8 Rxd8 11. Bc1 Be6 12. Na3 Ne5 13. O-O Nxc4 14. Nxc4 Bxc4 15.
Re1 Rd7 16. Be3 Bxb2 17. Rab1 Bg7 18. Red1 Rad8 19. Rxd7 Rxd7 20. Bxa7 Bxa2 21. Re1 Bc3 22. Rc1 Bd4 23. Bxd4 Rxd4 24. Ra1 Rd2 25. Kf1 Bc4+ 26. Kg1 Ba6 27. e5 Rc2 28. Be4 Rc3 29. f3 Kg7 30.
Kf2 f6 31. exf6+ Kxf6 32. Rd1 b5 33. Ra1 Bc8 34. Ra8 Bf5 35. Rf8+ Ke5 36. Bxf5 gxf5 37.
f4+ Ke4 38. Rf7 Rc2+ 39. Ke1 e5 40. Re7 Rxh2 41. fxe5 b4 42. e6 b3 43. Rb7 Rh6 44. e7 Re6 45. Rxb3 Rxe7 46. Kf2 Rd7 47. Re3+ Kd5 48. Re8 Rf7 49. Kf3 Kc4 50. Kf4 c5 51.
Rc8 Kd4 52. Rd8+ Kc3 53. Rd5 c4 0-1

[Event "*** Titled Tuesday Blitz"]
[Site "Chess.com"]
[Date "2019.03.05"]
[Round "6"]
[White "Korchmar_Vasiliy"]
[Black "Jospem"]
[Result "1-0"]
[WhiteElo "2757"]
[BlackElo "2866"]
[TimeControl "180+2"]
[EndTime "14:26:35 PST"]
[Termination "Korchmar_Vasiliy won by resignation"]

1. d4 Nf6 2. c4 e6 3. g3 c5 4.
d5 exd5 5. cxd5 d6 6. Nc3 g6 7. Bg2 Bg7 8. Nf3 O-O 9. O-O a6 10. a4 Nbd7 11. Bf4 Qc7 12. Rc1 Re8 13. b4 b6 14. Re1 Nh5 15. Bg5 cxb4 16. Nb5 Qxc1 17. Qxc1 axb5 18. Qc6 Rxa4 19. Qxb5 Ra5 20. Qxb4 Rxd5 21.
Bd2 Nhf6 22. Bc3 Rc5 23. Bd4 Rc2 24. Qxd6 Rcxe2 25. Rxe2 Rxe2 26. Bf1 Re6 27. Qc7 Re8 28. Bc4 h6 29. Bb5 Rf8 30. h4 Nc5 31. Qxb6 Ne6 32.
Be5 Rd8 33. Kg2 Bd7 34. Bc4 Rc8 35. Bb3 Bc6 36. Bxe6 fxe6 37. Qa6 Bd7 38. Qb7 Rd8 39.
Qb2 Rf8 40. Nd2 Bc6+ 41. Kg1 Bd5 42. Nf1 Ng4 43. Bxg7 Rxf2 44. Qb8+ Kxg7 45. Ne3 Rf3 46. Nxg4 g5 47. h5 Rf5 48. Qc7+ Rf7 49. Qe5+ Kf8 50. Nxh6 Ke7 51. Nxf7 1-0

[Event "*** Titled Tuesday Blitz"]
[Site "Chess.com"]
[Date "2019.03.05"]
[Round "6"]
[White "ShadyH9"]
[Black "Cryptinz"]
[Result "1-0"]
[WhiteElo "2306"]
[BlackElo "2317"]
[TimeControl "180+2"]
[EndTime "14:26:41 PST"]
[Termination "ShadyH9 won by resignation"]

1. d4 Nf6 2. Nf3 g6 3. c4 Bg7 4.
Nc3 d5 5. cxd5 Nxd5 6. g3 O-O 7. Bg2 c5 8. O-O cxd4 9. Nxd4 Nxc3 10. bxc3 Qc7 11. Rb1 Nc6 12. Bf4 e5 13. Nb5 Qa5 14.
Bg5 h6 15. Be3 Bf5 16. Rb3 Qxa2 17. Ra3 Qb2 18. Rb3 Qc2 19. Qxc2 Bxc2 20. Rb2 Bf5 21.
Nd6 e4 22. Rxb7 Bg4 23. Nxe4 Bxe2 24. Re1 Bg4 25. Nd6 Ne5 26. Rxa7 Nf3+ 27. Bxf3 Bxf3 28.
Rxa8 Rxa8 29. Bd4 Bxd4 30. cxd4 Ra4 31. Nb5 Rb4 32. Nc3 Rxd4 33. h3 Rd2 34. Ne4 Rc2 35. g4 Kg7 36. Ng3 Kf6 37. Re3 Bd5 38.
Nf1 Kg5 39. Re1 Kf4 40. Ne3 Bf3 41. Nxc2 Be4 42. Ne3 Kf3 43. Ra1 f5 44. gxf5 gxf5 45. Ng2 Ke2 46. Ra3 h5 47. Re3+ Kd2 48. Nf4 Bf3 49.
Rxf3 1-0

[Event "*** Titled Tuesday Blitz"]
[Site "Chess.com"]
[Date "2019.03.05"]
[Round "6"]
[White "KyronGriffith"]
[Black "Hongjin"]
[Result "0-1"]
[WhiteElo "2326"]
[BlackElo "2513"]
[TimeControl "180+2"]
[EndTime "14:26:43 PST"]
[Termination "Hongjin won by checkmate"]

1. e4 d6 2. d4 Nf6 3. Nc3 Nc6 4. Nf3 g6 5. h3 Bg7 6. Be2 O-O 7. O-O a6 8. a4 e6 9. Bg5 h6 10. Bh4 g5 11. Bg3 Bd7 12. Nh2 e5 13. dxe5 dxe5 14. Nd5 Nxe4 15. Bc4 Be6 16. Ng4 f5 17. Nxh6+ Bxh6 18. Qh5 Bxd5 19. Qxh6 Rf6 20. Bxd5+ Qxd5 21. Qh5 Qf7 22.
Qf3 Nd4 23. Qd3 Nc5 24. Qd2 f4 25. Bh2 Qd7 26. Kh1 Qf5 27. Rae1 Re8 28. c3 Nc6 29.
Qd5+ Ne6 30. f3 Rd8 31. Qb3 b6 32. Qc4 Rd6 33. Qxa6 Kg7 34. Bg1 Nc5 35. Qa8 Ne7 36. Qe8 Rfe6 37. Qb5 Nd3 38. Rd1 Ng6 39. b4 Nh4 40. a5 bxa5 41. bxa5 Rh6 42. Rxd3 Qxd3 43. Qxe5+ Kg6 44. Re1 Qf5 45. Qe8+ Qf7 46. Qe4+ Nf5 47. Bf2 Kh5 48. Ra1 Rhe6 49. Qb4 Qd7 50. Kh2 Re2 51. Bc5 Rdd2 52. Rg1 Nh4 53. Qb3 Rxg2+ 54. Rxg2 Rxg2+ 55. Kh1 Qxh3# 0-1